 Dungeon Crawl Stone Soup version 0.29-a0-506-ga2e7fffb44 (webtiles) character file.

Game seed: 13027523426928406771

154 Sobieck the Poker (level 5, 0/42 HPs)
             Began as a Merfolk Gladiator on May 28, 2022.
             Slain by an orc
             ... wielding a +1 mace of protection
              (6 damage)
             ... on level 3 of the Dungeon on May 29, 2022.
             The game lasted 00:05:38 (3358 turns).

Sobieck the Poker (Merfolk Gladiator)               Turns: 3358, Time: 00:05:39

Health: 0/42       AC: 11    Str: 17    XL:     5   Next: 36%
Magic:  5/5        EV:  6    Int:  7    God:
Gold:   139        SH:  0    Dex: 15    Spells: 4/4 levels left

rFire   + . .      SeeInvis .   a - +0 halberd {polearm}
rCold   + . .      Faith    .   (shield currently unavailable)
rNeg    . . .      Spirit   .   j - +0 plate armour
rPois   .          Reflect  .   c - +0 helmet
rElec   .          Harm     .   l - scarf {rC+ rF+}
rCorr   .          Rampage  .   (no gloves)
Will    .....                   (no boots)
Stlth   ..........              (no amulet)
HPRegen 0.14/turn               (no ring)
MPRegen 0.09/turn               (no ring)

@: no status effects
A: (nimble swimmer 2), mertail
a: no special abilities


You were on level 3 of the Dungeon.
You visited 1 branch of the dungeon, and saw 3 of its levels.

You collected 139 gold pieces.


Innate Abilities, Weirdness & Mutations

((You are very nimble when in or above water. (Stealth+, EV+, Speed+++)))
Your lower body shifts to a powerful aquatic tail in water.


   Skills:
 + Level 3.7 Fighting
 * Level 6.8 Polearms
 - Level 2.0 Throwing
 - Level 4.0 Dodging


You had 4 spell levels left.
You didn't know any spells.
Your spell library contained the following spells:

 Spells                   Type           Power      Damage    Failure   Level
 Ensorcelled Hibernation  Hex/Ice        0%         N/A       100%        2
 Passwall                 Tmut/Erth      0%         N/A       100%        2
 Swiftness                Air            0%         N/A       100%        3

Inventory:

Hand Weapons
 a - a +0 halberd (weapon) {polearm}
   (You took it off a gnoll on level 2 of the Dungeon)
 b - a +2 hunting sling of flaming {sling}
   (You found it on level 1 of the Dungeon)
 s - a +0 trident {polearm}
Missiles
 d - 3 throwing nets (quivered) {=f!fthrowing}
 e - a javelin {throwing}
 h - 115 stones {throwing}
Armour
 c - a +0 helmet (worn)
 j - a +0 plate armour (worn)
   (You found it on level 1 of the Dungeon)
 l - a scarf of resistance (worn)
   (You found it on level 1 of the Dungeon)
 o - a +0 leather armour
   (You found it on level 1 of the Dungeon)
 p - a +0 buckler
   (You found it on level 1 of the Dungeon)
 r - a +0 leather armour
 w - a +0 leather armour
   (You found it on level 2 of the Dungeon)
 D - a +0 scale mail
   (You took it off an orc on level 3 of the Dungeon)
 G - a +0 leather armour
   (You took it off an orc on level 3 of the Dungeon)
Scrolls
 g - 2 scrolls of amnesia {unknown}
 k - 2 scrolls of identify {unknown}
 n - a scroll of poison {unknown}
 q - 3 scrolls of enchant weapon {unknown}
 t - 3 scrolls of immolation {unknown}
 u - a scroll of enchant armour {unknown}
 y - a scroll of silence {unknown}
 z - a scroll of fear {unknown}
 A - a scroll of torment {unknown}
 B - a scroll of noise {unknown}
 F - a scroll of vulnerability {unknown}
Potions
 f - a potion of heal wounds {unknown}
 i - a potion of flight {unknown}
 m - 2 potions of curing {unknown}
 v - a potion of attraction {unknown}
 x - a potion of haste {unknown}
 C - 2 potions of ambrosia {unknown}
 E - a potion of degeneration {unknown}

Dungeon Overview and Level Annotations

Branches:
Dungeon (3/15)

Altars:

.## ### ... #.. ..# #.#
#.# #.# #.#
#######.####.#
##.....{o...#.##########
......o@g)......).......
##....gro##.#....#######
#.......##.####.# ##
#.......##.# #.# #.
#.......##.####.######.
........................
.##########.####.######.
#.....##.# #.# ##
#.###.##.####†##


You could see an orc priest, 2 orcs, 2 hobgoblins and a rat.


Message History

You barely miss the orc. The orc closely misses you.
The orc hits you but does no damage.
You puncture the orc!
You kill the orc!
G - a +0 leather armour
Things that are here:
a +0 whip {mace}; an orc corpse The orc priest shouts!
Danger!
A hobgoblin comes into view.
The hobgoblin shouts!
You hear a shout!
The orc wizard shouts!
The orc priest casts a cantrip, but nothing happens.
You hit the orc priest.
The orc priest hits you but does no damage.
You barely miss the orc priest. The hobgoblin completely misses you.
The orc barely misses you.
The orc priest hits you but does no damage.
You slash the orc priest!
The hobgoblin hits you but does no damage.
The orc closely misses you.
The orc priest hits you but does no damage.
You slash the orc priest!
You kill the orc priest!
The hobgoblin hits you. The orc barely misses you.
A rat comes into view.
The orc shouts!
You hear a shout!
The hobgoblin hits you. The orc hits you but does no damage.
Things that are here:
a +0 flail {mace}; an orc corpse You hit the orc but do no damage.
The hobgoblin closely misses you. The orc barely misses you.
The hobgoblin hits you but does no damage.
The orc hits you with a +0 trident.
You puncture the orc!
You kill the orc!
The hobgoblin hits you but does no damage.
A hobgoblin comes into view.
The hobgoblin hits you but does no damage.
The orc barely misses you.
Things that are here:
a +0 trident {polearm}; a +0 ring mail; an orc corpse You completely miss the orc.
The hobgoblin hits you. The rat bites you but does no damage.
The orc hits you with a +1 mace of protection.
You hit the orc.
The hobgoblin hits you but does no damage.
The rat bites you but does no damage.
The orc priest invokes the aid of Beogh against you.
Beogh smites you!
* * * LOW HITPOINT WARNING * * *
The orc wizard gestures at you while chanting.
You resist with some effort. The orc hits you but does no damage.
The orc hits you with a +1 mace of protection.
* * * LOW HITPOINT WARNING * * *
You hit the orc. The hobgoblin closely misses you.
The rat bites you but does no damage.
The orc priest calls upon Beogh to heal the orc.
The orc's wounds heal themselves!
The orc wizard closely misses you. The orc hits you but does no damage.
The hobgoblin hits you but does no damage.
The rat bites you but does no damage. The orc priest hits you with a +0 club.
* * * LOW HITPOINT WARNING * * *
The orc hits you but does no damage.
You hit the orc priest but do no damage.
The hobgoblin hits you but does no damage.
The hobgoblin barely misses you. The rat bites you but does no damage.
The orc priest hits you but does no damage.
The orc hits you but does no damage.
The hobgoblin hits you but does no damage.
The hobgoblin closely misses you. The rat bites you.
* * * LOW HITPOINT WARNING * * *
The orc barely misses you.
The orc priest looks satisfied for a moment.
You barely miss the orc priest.
The hobgoblin hits you but does no damage. x2
The rat barely misses you. The orc priest hits you with a +0 club.
* * * LOW HITPOINT WARNING * * *
The orc wizard mumbles some strange words.
The orc wizard flickers and vanishes!
Deactivating autopickup; reactivate with Ctrl-A.
The orc closely misses you.
You hit the orc priest. The hobgoblin hits you.
* * * LOW HITPOINT WARNING * * *
The hobgoblin hits you but does no damage.
The rat bites you but does no damage.
The orc priest hits you but does no damage.
Something hits you but does no damage. The orc barely misses you.
The orc hits you but does no damage.
You slash the orc priest!
The hobgoblin hits you but does no damage. x2
The rat bites you but does no damage.
The orc priest invokes the aid of Beogh against you.
Pain shoots through your body!
* * * LOW HITPOINT WARNING * * *
Something hits you.
* * * LOW HITPOINT WARNING * * *
The orc hits you but does no damage.
The orc hits you with a +1 mace of protection.
You die...

Skill      XL: |  1  2  3  4 |
---------------+-------------+-----
Polearms       | 5 6 |  6.8
Fighting       | 3 |  3.7
Throwing       | |  2.0
Dodging        | |  4.0

Action                   |  1- 3 |  4- 6 || total
-------------------------+-------+-------++-------
Melee: Trident           |   128 |     7 ||   135
       Punch             |     1 |       ||     1
       Halberd           |       |   105 ||   105
 Fire: Hunting sling     |     8 |       ||     8
Armor: Plate armour      |    85 |   107 ||   192
       Leather armour    |     5 |       ||     5
Dodge: Dodged            |    30 |    41 ||    71

Levels and vault maps discovered:
D:1:      erik_arrival_blinker_ship, layout_basic,
          hellmonk_ecumenical_altar_crossroads, serial_curves, eino_curves_04,
          eino_curves_04, eino_curves_04, minivault_25,
          chequers_serial_rivers_micro_e, minmay_statues_item,
          minmay_misc_feat_ornament
D:2:      layout_rooms
D:3:      layout_basic

Notes
Turn   | Place    | Note
-------+----------+-------------------------------------------
     0 | D:1      | Sobieck the Merfolk Gladiator began the quest for the Orb.
     0 | D:1      | Reached XP level 1. HP: 16/16 MP: 1/1
   186 | D:1      | You pick up a book of Burglary and begin reading...
   186 | D:1      | You add the spells Passwall, Ensorcelled Hibernation and
                  | Swiftness to your library.
   349 | D:1      | Reached XP level 2. HP: 23/23 MP: 2/2
   586 | D:1      | Found a faded altar of an unknown god.
  1287 | D:2      | Reached skill level 5 in Polearms
  1287 | D:2      | Reached XP level 3. HP: 28/28 MP: 3/3
  1358 | D:2      | Reached skill level 3 in Fighting
  1722 | D:2      | Reached XP level 4. HP: 30/35 MP: 4/4
  1730 | D:2      | HP: 3/35 [gnoll/+0 halberd (7)]
  1734 | D:2      | Reached skill level 6 in Polearms
  2755 | D:3      | HP: 6/35 [something/magic dart (7)]
  2756 | D:3      | HP: 2/35 [something/magic dart (4)]
  3219 | D:3      | Reached XP level 5. HP: 41/41 MP: 5/5
  3358 | D:3      | HP: 7/42 [orc priest/nerve-wracking pain (5)]
  3358 | D:3      | Slain by an orc

Vanquished Creatures
  An orc priest (D:3)
  3 gnolls (D:2)
  4 adders
  A worm (D:2)
  5 orcs
  2 endoplasms
  A goblin (D:1)
  6 hobgoblins
  4 quokkas
  7 ball pythons
  6 bats
  A frilled lizard (D:1)
  8 kobolds
  7 rats
56 creatures vanquished.

Table legend:
 A = Non-vault XP
 B = Vault XP
 C = Vault XP percentage of total XP
 D = Non-vault monster count
 E = Vault monster count
 F = Vault count percentage of total count
                 A         B        C        D         E       F
            +---------+---------+-------+---------+---------+-------
      Total |     221 |       0 |   0.0 |      56 |       0 |   0.0
            +---------+---------+-------+---------+---------+-------
        D:1 |      28 |       0 |   0.0 |      19 |       0 |   0.0
        D:2 |     114 |       0 |   0.0 |      23 |       0 |   0.0
        D:3 |      79 |       0 |   0.0 |      14 |       0 |   0.0
            +---------+---------+-------+---------+---------+-------

Illustrated notes

Table legend:
 A = Kills in this place as a percentage of kills in entire the game.
 B = Kills by you in this place as a percentage of kills by you in the entire game.
 C = Kills by friends in this place as a percentage of kills by friends in the entire game.
 D = Other kills in this place as a percentage of other kills in the entire game.
 E = Experience gained in this place as a percentage of experience gained in the entire game.
 F = Experience gained in this place divided by the number of levels of this place that you have seen.
                   A       B       C       D       E      F
               +-------+-------+-------+-------+-------+----------------------
         Total | 100.0 | 100.0 |   N/A |   N/A | 100.0 |  73.7
       Dungeon | 100.0 | 100.0 |   N/A |   N/A | 100.0 |  73.7
               +-------+-------+-------+-------+-------+----------------------

Table legend: (Time is in decaauts)
 A = Elapsed time spent in this place.
 B = Non-inter-level travel time spent in this place.
 C = Inter-level travel time spent in this place.
 D = Time resting spent in this place.
 E = Time spent auto-exploring this place.
 F = Levels seen in this place.
 G = Mean time per level.
                   A        B        C        D        E       F      G
               +--------+--------+--------+--------+--------+-----+--------+
         Total |   3387 |   3329 |     58 |    602 |   2194 |   3 | 1129.0 |
       Dungeon |   3387 |   3329 |     58 |    602 |   2194 |   3 | 1129.0 |
               +--------+--------+--------+--------+--------+-----+--------+

Top non-repeatable levels by time:
     D:2: 1789 daAuts
     D:1: 1287 daAuts
     D:3: 311 daAuts
